[Event "Late-Titled-Tuesday-Blitz-February-27-2024"]
[Site "Chess.com"]
[Date "2024.02.27"]
[Round "11"]
[White "grzechu96"]
[Black "MKlose11"]
[Result "0-1"]
[WhiteElo "2735"]
[BlackElo "2641"]
[TimeControl "180+1"]
[EndTime "16:02:46 PST"]
[Termination "MKlose11 won by resignation"]

1. e4 e6 2. d4 d5 3. Nc3 Bb4 4. exd5 exd5 5. Bd3 Nc6 6. a3 Bxc3+ 7. bxc3 Nce7 8. Qf3 Nf6 9. Ne2 Ne4 10. Ng3 f5 11. c4 c6 12. cxd5 cxd5 13. O-O O-O 14. c4 Be6 15. Bf4 dxc4 16. Bxe4 fxe4 17. Qxe4 Bd5 18.
Qe3 Nf5 19. Nxf5 Rxf5 20. f3 Qd7 21. Be5 b5 22. Qc3 h6 23. a4 a6 24. axb5 axb5 25. Qb4 Rff8 26. Rab1 Bc6 27. Rfe1 Ra2 28. Rb2 Rfa8 29.
Rxa2 Rxa2 30. Qc5 Rxg2+ 31. Kxg2 Qg4+ 32. Bg3 Qxf3+ 33. Kh3 Bd7+ 0-1

[Event "Late-Titled-Tuesday-Blitz-February-27-2024"]
[Site "Chess.com"]
[Date "2024.02.27"]
[Round "11"]
[White "ProChessWICTH"]
[Black "Seochesspie"]
[Result "1-0"]
[WhiteElo "2606"]
[BlackElo "2855"]
[TimeControl "180+1"]
[EndTime "16:02:53 PST"]
[Termination "ProChessWICTH won by resignation"]

1. d4 Nf6 2. c4 e6 3. Nc3 Bb4 4.
Bg5 c5 5. Bxf6 Qxf6 6. e3 cxd4 7. exd4 O-O 8. Nf3 b6 9. Rc1 Bb7 10. Be2 Nc6 11. O-O Rfd8 12. a3 Bf8 13. d5 Ne5 14. Re1 Nxf3+ 15. Bxf3 Rab8 16. Qa4 a6 17. Rcd1 g6 18. Qc2 Kh8 19. Ne4 Qg7 20. h3 b5 21.
dxe6 fxe6 22. c5 Rbc8 23. b4 Bc6 24. Ng5 Bxf3 25. Nxf3 Be7 26. Qe4 Qf6 27. Rd3 Rc7 28. Red1 Bf8 29. Ne5 Qg7 30. Qf4 Kg8 31. Nxg6 1-0

[Event "Late-Titled-Tuesday-Blitz-February-27-2024"]
[Site "Chess.com"]
[Date "2024.02.27"]
[Round "11"]
[White "Mikayel99"]
[Black "lucasmito"]
[Result "1-0"]
[WhiteElo "2578"]
[BlackElo "2797"]
[TimeControl "180+1"]
[EndTime "16:02:58 PST"]
[Termination "Mikayel99 won by checkmate"]

1. d4 d5 2. Nf3 Nf6 3. g3 e6 4. Bg2 b5 5. O-O Bb7 6. a4 b4 7. c4 bxc3 8. bxc3 Be7 9. Ne5 Nbd7 10. c4 O-O 11. Nc3 c5 12. Nxd7 Qxd7 13. dxc5 Bxc5 14.
cxd5 Nxd5 15. Nxd5 Bc6 16. Nf4 Qb7 17. Bxc6 Qxc6 18.
Ba3 Bxa3 19. Rxa3 g6 20. Qc1 Qe4 21. Qe3 Qf5 22. Qd3 Qg4 23. Qf3 Qf5 24. Nd3 Qg5 25. Qf4 Qe7 26. Rb3 Rfd8 27. Rfb1 Rd7 28. Rb8+ Rxb8 29.
Rxb8+ Kg7 30. Qe5+ f6 31. Qc5 Qf7 32. Rc8 e5 33.
Qc4 Qe7 34. Rg8+ Kh6 35. Qh4# 1-0

[Event "Late-Titled-Tuesday-Blitz-February-27-2024"]
[Site "Chess.com"]
[Date "2024.02.27"]
[Round "11"]
[White "BabageldiAnnaberdiyev"]
[Black "toninhojit"]
[Result "1-0"]
[WhiteElo "2628"]
[BlackElo "2467"]
[TimeControl "180+1"]
[EndTime "16:03:21 PST"]
[Termination "BabageldiAnnaberdiyev won by resignation"]

1. e4 e5 2. Nf3 Nc6 3. Bc4 Nf6 4. d4 exd4 5. O-O d6 6. Nxd4 Be7 7. Nc3 O-O 8. Bf4 Bd7 9. h3 Nxd4 10. Qxd4 Bc6 11. Rfe1 Nd7 12. a4 Bf6 13. Qd2 Re8 14. Bd5 Bxc3 15.
Qxc3 Bxd5 16. exd5 Rxe1+ 17. Rxe1 h6 18. Re3 Nf6 19. Rg3 Kf8 20. Rf3 Nxd5 21. Qb3 Nxf4 22. Rxf4 Qe8 23. Qxb7 Rb8 24. Qxc7 Rxb2 25. Qxd6+ Kg8 26.
Qc7 g5 27. Rd4 Kg7 28. Qc3 Rb1+ 29. Rd1+ Qe5 30. Qxe5+ 1-0

[Event "Late-Titled-Tuesday-Blitz-February-27-2024"]
[Site "Chess.com"]
[Date "2024.02.27"]
[Round "11"]
[White "Goryachkina"]
[Black "Tunahan_Makaraci"]
[Result "1-0"]
[WhiteElo "2700"]
[BlackElo "2587"]
[TimeControl "180+1"]
[EndTime "16:03:26 PST"]
[Termination "Goryachkina won by resignation"]

1. e4 Nf6 2. Nc3 d5 3. e5 Nfd7 4. d4 c5 5. Nf3 cxd4 6. Qxd4 e6 7. Bd3 Nc6 8. Qf4 Qc7 9. Nb5 Qb8 10. Qg3 a6 11. Nd6+ Bxd6 12. exd6 g6 13. Bh6 e5 14. Bg7 Rg8 15. Bxe5 Ndxe5 16. Nxe5 Qxd6 17. Nxc6 Qxg3 18. hxg3 bxc6 19. Rxh7 Rb8 20. O-O-O Be6 21. Bxa6 Ra8 22. Bb7 Rxa2 23. Bxc6+ Kf8 24. Kb1 Ra5 25. Rh4 Ke7 26.
Rhd4 Kd6 27. Bxd5 Rxd5 28. Rxd5+ Bxd5 29. c4 1-0

[Event "Late-Titled-Tuesday-Blitz-February-27-2024"]
[Site "Chess.com"]
[Date "2024.02.27"]
[Round "11"]
[White "McCarthyStone"]
[Black "JaackCamel"]
[Result "1-0"]
[WhiteElo "2368"]
[BlackElo "2228"]
[TimeControl "180+1"]
[EndTime "16:03:26 PST"]
[Termination "McCarthyStone won by resignation"]

1. e4 e6 2. d3 d5 3. Nd2 c5 4. Ngf3 Nc6 5. g3 Nf6 6. Bg2 g6 7. O-O Bg7 8. Re1 O-O 9. h4 a5 10. a4 b6 11. exd5 exd5 12. c3 Ba6 13. Nf1 Re8 14.
Rxe8+ Qxe8 15. Bf4 Rd8 16. Qd2 Nh5 17. Bc7 Rd7 18.
Bxb6 Bf8 19. d4 cxd4 20. Nxd4 Ne5 21. Re1 Qb8 22. Rxe5 Qxe5 23. Bxa5 Ng7 24. Ne3 Bc4 25. Bb6 Rb7 26. a5 Ne6 27. Nxc4 Rxb6 1-0

[Event "Late-Titled-Tuesday-Blitz-February-27-2024"]
[Site "Chess.com"]
[Date "2024.02.27"]
[Round "11"]
[White "rcmz"]
[Black "PapaieDudu"]
[Result "0-1"]
[WhiteElo "2223"]
[BlackElo "2373"]
[TimeControl "180+1"]
[EndTime "16:03:29 PST"]
[Termination "PapaieDudu won on time"]

1. b4 b5 2. Bb2 Bb7 3. e3 e6 4.
Nf3 Nf6 5. a3 a6 6. c4 c5 7.
bxc5 bxc4 8. Bxc4 Bxc5 9. O-O O-O 10. d4 d5 11. Bd3 Bd6 12. Qc2 Nc6 13. Nbd2 Rc8 14. Qb1 Re8 15. Ne5 Bxe5 16. dxe5 Nd7 17. f4 Qb6 18. Bxh7+ Kf8 19. Rf3 Rb8 20. Bc3 Qc5 21. Bb4 Nxb4 22. axb4 Qc3 23. Nf1 d4 24. Be4 Bxe4 25. Qxe4 Qxa1 26. exd4 Rxb4 27. Rd3 Nb6 28. Qc6 Nd5 29. Qd6+ Kg8 30. Qd7 Rf8 31. f5 Rxd4 32. Rg3 Rf4 33. Rf3 Rxf3 0-1

[Event "Late-Titled-Tuesday-Blitz-February-27-2024"]
[Site "Chess.com"]
[Date "2024.02.27"]
[Round "11"]
[White "DraningWaterHi"]
[Black "ural58"]
[Result "0-1"]
[WhiteElo "2247"]
[BlackElo "2490"]
[TimeControl "180+1"]
[EndTime "16:03:35 PST"]
[Termination "ural58 won by resignation"]

1. d4 d5 2. Bf4 Nf6 3. e3 c5 4. Nf3 Bd7 5. c4 Nc6 6. Nc3 cxd4 7.
exd4 e6 8. c5 b6 9. Nb5 Rc8 10.
Nd6+ Bxd6 11. Bxd6 Ne4 12. Ba6 Nxd6 13. cxd6 Rb8 14. Qd2 O-O 15. Ne5 f6 16. Nxc6 Bxc6 17. Qb4 b5 18. a4 bxa4 19. Qc5 Qb6 20. O-O Qxa6 21. Rfc1 Bd7 22. Qc7 Rfd8 23. Rc5 Qb6 24. h4 Qxb2 25. Rac1 Qxd4 26. Qxa7 Ra8 27. Qc7 a3 28. Ra5 a2 29. Rxa2 Rac8 30. Ra8 Rxa8 31.
Qb6 Qxb6 0-1

[Event "Late-Titled-Tuesday-Blitz-February-27-2024"]
[Site "Chess.com"]
[Date "2024.02.27"]
[Round "11"]
[White "Yaacovn"]
[Black "ChessSwole"]
[Result "1-0"]
[WhiteElo "2846"]
[BlackElo "2690"]
[TimeControl "180+1"]
[EndTime "16:03:41 PST"]
[Termination "Yaacovn won by checkmate"]

1. d4 d5 2. Nf3 Nf6 3. Bf4 c5 4. e3 Nc6 5. c3 Qb6 6. Qc2 Bg4 7. Ne5 Nxe5 8. Bxe5 Nd7 9. Bg3 e6 10. Nd2 Rc8 11. Qb3 c4 12. Qc2 Bf5 13. Qc1 Bd6 14. Be2 O-O 15. Bxd6 Qxd6 16. O-O b5 17. b4 a5 18. a3 Ra8 19. Qb2 Ra6 20. Bf3 Bd3 21.
Rfe1 f5 22. g3 Rfa8 23. Bg2 Nb6 24. f3 Na4 25. Qc1 axb4 26. axb4 Nb6 27. Rxa6 Rxa6 28. e4 Ra2 29. exf5 Bxf5 30. Nf1 Na4 31. Ne3 Bd3 32. f4 Rb2 33. f5 Bxf5 34. Bxd5 Rb1 35. Qd2 Rb2 36.
Nxf5 Rxd2 37. Nxd6 exd5 38. Re8# 1-0

[Event "Late-Titled-Tuesday-Blitz-February-27-2024"]
[Site "Chess.com"]
[Date "2024.02.27"]
[Round "11"]
[White "MiguelEduardoGB"]
[Black "northridgehawk"]
[Result "0-1"]
[WhiteElo "2155"]
[BlackElo "2279"]
[TimeControl "180+1"]
[EndTime "16:03:48 PST"]
[Termination "northridgehawk won by resignation"]

1. e4 d5 2. exd5 Qxd5 3. Nc3 Qa5 4. Nf3 c6 5. d4 Bf5 6. h3 e6 7. g4 Bg6 8. Bg2 Nf6 9. O-O Bd6 10.
Bd2 Qc7 11. Rc1 Nbd7 12. Qe2 O-O-O 13. b4 h5 14. gxh5 Bxh5 15. b5 c5 16. b6 Nxb6 17.
Nb5 Qd7 18. Nxa7+ Kb8 19. Nb5 Nfd5 20. Rb1 c4 21. Ba5 Nf4 22. Qe4 Bg6 23. Ne5 Bxe4 24.
Nxd7+ Rxd7 25. Bxe4 Nxh3+ 26. Kg2 Nf4+ 27. Kf3 Rh3+ 28.
Kg4 f5+ 29. Bxf5 exf5+ 30. Kxf5 Rf7+ 31. Kg5 Be7+ 32. Kg4 Nbd5 33. Rfe1 Rh4+ 34. Kg3 Nh5+ 35. Kg2 Ndf4+ 36. Kf3 Nd3+ 37. Kg2 Rxf2+ 38. Kg1 Rg4+ 0-1

[Event "Late-Titled-Tuesday-Blitz-February-27-2024"]
[Site "Chess.com"]
[Date "2024.02.27"]
[Round "11"]
[White "Orion2127989"]
[Black "ImportedItalianMaple"]
[Result "0-1"]
[WhiteElo "2144"]
[BlackElo "2466"]
[TimeControl "180+1"]
[EndTime "16:03:57 PST"]
[Termination "ImportedItalianMaple won by resignation"]

1. d4 g6 2. Nf3 Bg7 3. e4 c6 4. Bd3 d5 5. exd5 cxd5 6. O-O Nc6 7. Re1 Bg4 8. c3 e6 9. Nbd2 Nge7 10.
h3 Bxf3 11. Nxf3 O-O 12. Bg5 Rb8 13. Qe2 a6 14. Bf4 Rc8 15. Rad1 b5 16. a3 Na5 17. Ne5 Nc4 18. Bb1 Nc6 19. Nxc4 bxc4 20. Qd2 Qb6 21. Re2 Rfd8 22. Rde1 Rd7 23. Bh6 Rb7 24. Bxg7 Kxg7 25. Qg5 Rcb8 26. h4 Qd8 27. Qg4 Rxb2 28. Rxb2 Rxb2 29. h5 Qf6 30. f3 a5 31.
hxg6 hxg6 32. Kh2 Ne7 33. Rh1 Nf5 34. Bxf5 Qxf5 35. Qh4 Qh5 0-1

[Event "Late-Titled-Tuesday-Blitz-February-27-2024"]
[Site "Chess.com"]
[Date "2024.02.27"]
[Round "11"]
[White "FredddieCroderg"]
[Black "Peroncio"]
[Result "1-0"]
[WhiteElo "2305"]
[BlackElo "2384"]
[TimeControl "180+1"]
[EndTime "16:03:58 PST"]
[Termination "FredddieCroderg won by resignation"]

1. e4 c5 2. Bc4 e6 3. Qf3 Nc6 4. d3 Nf6 5. Nc3 Be7 6. Qg3 O-O 7. e5 Ne8 8. f4 d5 9. Bb3 b5 10. a4 b4 11. Nce2 a5 12. Nf3 Ba6 13. O-O c4 14. dxc4 dxc4 15. Ba2 Nc7 16. c3 Nd5 17. Kh1 f5 18. exf6 Bxf6 19. Bb1 bxc3 20. bxc3 Nxc3 21. Nxc3 Bxc3 22. Ra2 Bf6 23. Qh3 Qd5 24. Qxh7+ Kf7 25. Qg6+ Ke7 26. Be4 Qd7 27. Ba3+ Kd8 28. Rd2 c3 29.
Rxd7+ Kxd7 30. Bxf8 Rxf8 31. Rd1+ Kc7 32. Bxc6 Kxc6 33. Ne5+ Kb7 34. Qe4+ 1-0

[Event "Late-Titled-Tuesday-Blitz-February-27-2024"]
[Site "Chess.com"]
[Date "2024.02.27"]
[Round "11"]
[White "Nick12772"]
[Black "campochess"]
[Result "1-0"]
[WhiteElo "2382"]
[BlackElo "2213"]
[TimeControl "180+1"]
[EndTime "16:04:00 PST"]
[Termination "Nick12772 won by resignation"]

1. Nf3 c5 2. g3 Nc6 3. d4 cxd4 4. Nxd4 d5 5. Bg2 e5 6. Nxc6 bxc6 7. c4 Be6 8. Nc3 Nf6 9. Bg5 Bb4 10. cxd5 Bxc3+ 11. bxc3 cxd5 12. Qa4+ Qd7 13. Qxd7+ Nxd7 14. O-O Rc8 15. Rfd1 Nb6 16. Be3 Rxc3 17. Bxb6 axb6 18.
Bxd5 Bxd5 19. Rxd5 f6 20. Rb5 O-O 21. Rxb6 Ra8 22. a4 Ra5 23. Rb5 Ra6 24. a5 Rc2 25. e3 Rcc6 26. Rab1 h5 27. Rb6 Rcxb6 28. axb6 Ra8 29.
h4 Kf7 30. Kg2 Ke6 31. Kf3 f5 32. b7 Rb8 33. Rb6+ Ke7 34. e4 fxe4+ 35. Kxe4 Kd7 36. Rg6 Kc7 37. Rxg7+ Kd6 38. Kf5 Kd5 39. Kg5 Ke4 40.
Rf7 Kd5 41. Kxh5 Ke6 42. Rc7 1-0

[Event "Late-Titled-Tuesday-Blitz-February-27-2024"]
[Site "Chess.com"]
[Date "2024.02.27"]
[Round "11"]
[White "platy3"]
[Black "jefferyx"]
[Result "0-1"]
[WhiteElo "2954"]
[BlackElo "3082"]
[TimeControl "180+1"]
[EndTime "16:04:01 PST"]
[Termination "jefferyx won by resignation"]

1. e4 Nf6 2. e5 Nd5 3. d4 d6 4.
Nf3 g6 5. Bc4 c6 6. h3 Bg7 7. O-O O-O 8. Re1 dxe5 9. Nxe5 Nd7 10. Nf3 b5 11. Bb3 N7b6 12. Nbd2 a5 13. a3 a4 14. Ba2 Bf5 15. Ne4 Bxe4 16. Rxe4 e6 17. c3 Qd6 18. h4 h6 19. Ne5 c5 20. dxc5 Qxc5 21. Nd3 Qc7 22. Nf4 Rad8 23. Nxd5 Nxd5 24. Qf3 Rd7 25. Bd2 Rfd8 26. Rae1 Nf6 27. Bf4 Qb7 28. R4e3 Qxf3 29. Rxf3 Rd1 30. Kf1 Ne4 31. Ke2 R1d7 32.
Kf1 Nd2+ 33. Bxd2 Rxd2 34. Re2 Rd1+ 35. Re1 R8d2 0-1

[Event "Late-Titled-Tuesday-Blitz-February-27-2024"]
[Site "Chess.com"]
[Date "2024.02.27"]
[Round "11"]
[White "giomar27"]
[Black "SocoLoco"]
[Result "1-0"]
[WhiteElo "2403"]
[BlackElo "2223"]
[TimeControl "180+1"]
[EndTime "16:04:11 PST"]
[Termination "giomar27 won by resignation"]

1. f3 d5 2. g3 Qd6 3. Nh3 Nc6 4.
Nf2 e5 5. Bg2 f5 6. O-O Nf6 7.
d3 Be7 8. e4 O-O 9. Nc3 Be6 10.
Bg5 d4 11. Ne2 h6 12. Bxf6 Bxf6 13. f4 Rae8 14. exf5 Bxf5 15. Ne4 Qb4 16. a3 Qb5 17. Qd2 a5 18. fxe5 Bxe5 19. Nf4 Ne7 20. a4 Qb6 21. Rae1 Nd5 22. Nxd5 Qe6 23. Nf4 Qd7 24. Nc5 Qf7 25. Bd5 Re6 26. Nfxe6 c6 27. Bc4 b5 28. Ng5 bxc4 29.
Nxf7 c3 30. Qg2 cxb2 31. Rxe5 Bg6 32. Ree1 Bxf7 33. Qxc6 Ba2 34. Rxf8+ Kxf8 35. Qc8+ 1-0

[Event "Late-Titled-Tuesday-Blitz-February-27-2024"]
[Site "Chess.com"]
[Date "2024.02.27"]
[Round "11"]
[White "Genghis_K"]
[Black "cassoulet"]
[Result "1-0"]
[WhiteElo "2946"]
[BlackElo "2772"]
[TimeControl "180+1"]
[EndTime "16:04:12 PST"]
[Termination "Genghis_K won by resignation"]

1. e4 c5 2. Nf3 e6 3. c3 Nc6 4. d4 d5 5. e5 Bd7 6. Be2 Qc7 7. Na3 a6 8. O-O f6 9. Re1 O-O-O 10. Nc2 Kb8 11. Rb1 Rc8 12. dxc5 fxe5 13. b4 e4 14.
Nfd4 Nf6 15. a4 e5 16. b5 exd4 17. bxc6 Bxc6 18. Nxd4 Bxc5 19. Bxa6 Bxd4 20. Qxd4 Ng4 21. g3 Ne5 22. Be2 Rcf8 23. Be3 Kc8 24. a5 Nf3+ 25. Bxf3 Rxf3 26. a6 bxa6 27. c4 dxc4 28. Qxc4 Bb7 29. Qe6+ Kb8 30. Qxa6 Rhf8 31. Qa7+ Kc8 32.
Rxb7 1-0

[Event "Late-Titled-Tuesday-Blitz-February-27-2024"]
[Site "Chess.com"]
[Date "2024.02.27"]
[Round "11"]
[White "BardArtem"]
[Black "VitorBronson"]
[Result "1-0"]
[WhiteElo "2706"]
[BlackElo "2487"]
[TimeControl "180+1"]
[EndTime "16:04:14 PST"]
[Termination "BardArtem won by checkmate"]

1. d4 d5 2. c4 c6 3. Nf3 Nf6 4. Bf4 dxc4 5. e3 Nd5 6. Bg3 b5 7. Be2 e6 8. O-O Bd6 9. Bxd6 Qxd6 10.
b3 cxb3 11. axb3 Nd7 12. Nbd2 Bb7 13. Ne4 Qe7 14. Qd2 O-O 15. Rfc1 a6 16. Nc5 Nxc5 17.
Rxc5 Nf6 18. Bd3 Nd7 19. Rac1 Nxc5 20. Rxc5 a5 21. Qc2 g6 22. h4 a4 23. bxa4 Rxa4 24. h5 Rfa8 25. hxg6 hxg6 26. Bxg6 Ra1+ 27. Kh2 R8a2 28. Qe4 Rxf2 29. Rg5 f6 30. Bh7+ Kf7 31. Qg6+ Kf8 32. Qg8# 1-0

[Event "Late-Titled-Tuesday-Blitz-February-27-2024"]
[Site "Chess.com"]
[Date "2024.02.27"]
[Round "11"]
[White "KATPAH"]
[Black "zsizsi99"]
[Result "1-0"]
[WhiteElo "2670"]
[BlackElo "2509"]
[TimeControl "180+1"]
[EndTime "16:04:15 PST"]
[Termination "KATPAH won by checkmate"]

1. e4 c5 2. d4 cxd4 3. c3 Nf6 4. e5 Nd5 5. Bc4 Nb6 6. Bb3 d6 7.
exd6 dxc3 8. Nxc3 Qxd6 9. Qxd6 exd6 10. Nf3 Be7 11. Bf4 Be6 12. O-O-O Bxb3 13. axb3 d5 14.
Rhe1 Nc6 15. Ne5 Rc8 16. Kb1 Nb4 17. Nd3 Nc6 18. Ne5 Nb4 19. Nf3 Nc6 20. Nd4 Kd7 21. Nf5 Bb4 22. Nxd5 Bxe1 23. Nxb6+ Ke6 24. Nxg7+ Kf6 25. Nxc8 Bxf2 26. Rd6+ Kxg7 27. Bh6+ Kg8 28. Rd8+ Nxd8 29. Ne7# 1-0

[Event "Late-Titled-Tuesday-Blitz-February-27-2024"]
[Site "Chess.com"]
[Date "2024.02.27"]
[Round "11"]
[White "ArturoCaceres"]
[Black "Charodej1"]
[Result "1-0"]
[WhiteElo "2445"]
[BlackElo "2313"]
[TimeControl "180+1"]
[EndTime "16:04:16 PST"]
[Termination "ArturoCaceres won by checkmate"]

1. b3 e5 2. Bb2 Nc6 3. e4 d5 4. exd5 Qxd5 5. Nf3 Bg4 6. Bc4 Qd6 7. Bxf7+ Kxf7 8.
Ng5+ Ke8 9. Qxg4 Nf6 10. Qe6+ Qxe6 11. Nxe6 Rc8 12. Nxf8 Rxf8 13. Nc3 a6 14. O-O Kf7 15. Rac1 Rfd8 16. d3 Rd7 17. Rfe1 Re8 18. Ne4 b6 19. Re3 Nd5 20. Rf3+ Kg8 21. a3 Nf4 22. Re1 a5 23. g3 Nd5 24. Kg2 Rde7 25. h4 Rd7 26. h5 h6 27. Rh1 Nd4 28. Bxd4 exd4 29. Rh4 c5 30. Rg4 Kh7 31. Rf5 Ree7 32. Rg6 Kh8 33. g4 Kh7 34. g5 hxg5 35. Nxg5+ Kh8 36. Rf8# 1-0

[Event "Late-Titled-Tuesday-Blitz-February-27-2024"]
[Site "Chess.com"]
[Date "2024.02.27"]
[Round "11"]
[White "NCchamp"]
[Black "egnfanclub"]
[Result "1-0"]
[WhiteElo "2367"]
[BlackElo "2373"]
[TimeControl "180+1"]
[EndTime "16:04:17 PST"]
[Termination "NCchamp won by resignation"]

1. d4 d5 2. c4 c6 3. cxd5 cxd5 4. Nc3 Nf6 5. Nf3 Nc6 6. Bf4 Bf5 7. Qb3 Na5 8. Qa4+ Bd7 9. Qc2 e6 10. Ne5 Rc8 11. e3 Ne4 12. Bd3 Nxc3 13. bxc3 Bb4 14.
O-O Rxc3 15. Qe2 O-O 16. Rab1 Bd6 17. e4 f6 18. Bd2 Ra3 19. Nxd7 Qxd7 20. Bc1 Ra4 21.
Bb5 Bxh2+ 22. Kh1 Rxa2 23. Qxa2 Qc7 24. e5 fxe5 25. Kxh2 exd4+ 26. Kg1 1-0

[Event "Late-Titled-Tuesday-Blitz-February-27-2024"]
[Site "Chess.com"]
[Date "2024.02.27"]
[Round "11"]
[White "NovakRatko"]
[Black "GoValya"]
[Result "1-0"]
[WhiteElo "2448"]
[BlackElo "2243"]
[TimeControl "180+1"]
[EndTime "16:04:22 PST"]
[Termination "NovakRatko won on time"]

1. d4 Nf6 2. c4 g6 3. Nc3 c5 4. d5 Bg7 5. e4 d6 6. Bg5 O-O 7. Qd2 a6 8. a4 Ng4 9. Nf3 f5 10.
h3 Ne5 11. Nxe5 Bxe5 12. Bd3 f4 13. Ne2 f3 14. gxf3 Rxf3 15. Nc3 Nd7 16. h4 Bxc3 17. bxc3 Ne5 18. Be2 Bg4 19. O-O-O Rxc3+ 20. Qxc3 Bxe2 21.
Rdg1 Bxc4 22. h5 b5 23. hxg6 hxg6 24. Qh3 Nd3+ 25. Kb1 1-0

[Event "Late-Titled-Tuesday-Blitz-February-27-2024"]
[Site "Chess.com"]
[Date "2024.02.27"]
[Round "11"]
[White "The_Machine04"]
[Black "vugarrasulov"]
[Result "1-0"]
[WhiteElo "2830"]
[BlackElo "2970"]
[TimeControl "180+1"]
[EndTime "16:04:23 PST"]
[Termination "The_Machine04 won on time"]

1. d4 a6 2. Nf3 b5 3. e4 Bb7 4. Nbd2 g6 5. c3 Bg7 6. Bd3 d6 7. O-O c5 8. b3 Nf6 9. Bb2 O-O 10. a3 Nc6 11. Qe2 Rc8 12. Rac1 Bh6 13. Rfd1 e5 14. d5 Nb8 15. Ra1 Nbd7 16. a4 c4 17. bxc4 bxa4 18. Rxa4 Nc5 19. Raa1 a5 20. Ba3 Nfd7 21. Bc2 Ba6 22.
Nb3 Nxb3 23. Bxb3 Nc5 24. Bxc5 Rxc5 25. Ne1 Qb6 26. Rdb1 Rfc8 27. Nd3 R5c7 28. Qa2 Rb8 29. c5 dxc5 30. Bc4 Qa7 31. Rxb8+ Qxb8 32. Bxa6 c4 33. Bxc4 Qc8 34. Nxe5 1-0

[Event "Late-Titled-Tuesday-Blitz-February-27-2024"]
[Site "Chess.com"]
[Date "2024.02.27"]
[Round "11"]
[White "NMJeevanK"]
[Black "Matalon"]
[Result "0-1"]
[WhiteElo "2601"]
[BlackElo "2484"]
[TimeControl "180+1"]
[EndTime "16:04:30 PST"]
[Termination "Matalon won by resignation"]

1. g3 g6 2. Bg2 Bg7 3. Nc3 c5 4. Nf3 Nc6 5. O-O Nf6 6. a3 O-O 7. e4 d6 8. Re1 Rb8 9. d3 b5 10. Rb1 a5 11. Nd5 Bg4 12. h3 Bxf3 13. Nxf6+ Bxf6 14. Qxf3 b4 15. Bh6 Re8 16. axb4 axb4 17. Qd1 Nd4 18. f4 b3 19. c3 Nc2 20.
Re2 Qc7 21. f5 Be5 22. g4 Ra8 23. Rxc2 bxc2 24. Qxc2 Ra2 25. fxg6 hxg6 26. Rf1 Rb8 27. Qf2 e6 28. d4 cxd4 29. cxd4 Rbxb2 30. dxe5 Rxf2 31.
Rxf2 Qc5 0-1

[Event "Late-Titled-Tuesday-Blitz-February-27-2024"]
[Site "Chess.com"]
[Date "2024.02.27"]
[Round "11"]
[White "HeinichessPY"]
[Black "OverallStranger"]
[Result "1-0"]
[WhiteElo "2269"]
[BlackElo "2382"]
[TimeControl "180+1"]
[EndTime "16:04:30 PST"]
[Termination "HeinichessPY won by resignation"]

1. Nf3 c5 2. c4 g6 3. d4 cxd4 4. Nxd4 Nc6 5. e4 Nf6 6. Nc3 Bg7 7. Be3 d6 8. Be2 O-O 9. O-O Bd7 10. h3 Rc8 11. Qc2 Nxd4 12. Bxd4 Bc6 13. Rad1 a5 14. b3 Nd7 15. Bxg7 Kxg7 16. Bg4 Ra8 17. Bxd7 Qxd7 18. e5 Qe6 19. exd6 exd6 20. Rfe1 Qf6 21. Nd5 Bxd5 22. Rxd5 Rfe8 23. Red1 a4 24. Rxd6 axb3 25. axb3 Qf4 26. Qc3+ Kg8 27. Qd4 Qg5 28. Rd7 Qf5 29. Qd5 Qf4 30. g3 Qf6 31. Qxb7 Ra2 32. R7d2 Ra6 33. Rd8 Re6 34. Rxe8+ Rxe8 35. Qd7 Re2 36. Qd8+ Kg7 37. Qxf6+ Kxf6 38. Rb1 Ke5 39. c5 Kd5 40. b4 Kc6 41. Kf1 Re4 42. Kg2 f5 43. h4 h5 44. Kf3 Rc4 45. b5+ Kxc5 46. b6 Rc3+ 47. Kf4 Rc4+ 48. Kg5 Rg4+ 49. Kf6 f4 50. b7 fxg3 51.
fxg3 Rxg3 52. b8=Q 1-0

[Event "Late-Titled-Tuesday-Blitz-February-27-2024"]
[Site "Chess.com"]
[Date "2024.02.27"]
[Round "11"]
[White "el008"]
[Black "fandebobbyfischer"]
[Result "0-1"]
[WhiteElo "2515"]
[BlackElo "2690"]
[TimeControl "180+1"]
[EndTime "16:04:36 PST"]
[Termination "fandebobbyfischer won by checkmate"]

1. Nf3 Nf6 2. b3 g6 3. Bb2 Bg7 4. e3 O-O 5. Be2 d6 6. d4 c6 7.
O-O a5 8. a4 Bf5 9. c4 Na6 10.
Nc3 Ne4 11. Nd2 Nxc3 12. Bxc3 c5 13. Nf3 Nb4 14. Qd2 Qc7 15. Rac1 Rad8 16. d5 e5 17.
Nh4 Bc8 18. f4 Qe7 19. g3 exf4 20. Bxg7 Kxg7 21. Qb2+ f6 22. exf4 Bh3 23. Rfe1 Qe3+ 24. Kh1 Qf2 25. Qc3 Na2 26. Qf3 Qxf3+ 27. Bxf3 Nxc1 28.
Rxc1 Rde8 29. Ng2 h5 30. Kg1 Re7 31. Ne1 Rfe8 32. Nc2 Bg4 33. Bxg4 hxg4 34. Kf1 Re2 35. Ne1 Rxh2 36. Kg1 Rb2 37. Ng2 Ree2 38. Nh4 Re3 39. f5 Rxg3+ 40. Kf1 Rh3 41. Kg1 Rxh4 42. Re1 g3 43. fxg6 Rhh2 44. Re7+ Kxg6 45. Re1 Rbg2+ 46. Kf1 Rh1+ 47. Kxg2 Rxe1 48. b4 axb4 49. Kxg3 Ra1 50. Kf2 Rxa4 51. Kf3 Ra3+ 52. Ke4 Rc3 53. Kf4 Rxc4+ 54.
Ke3 Rd4 55. Ke2 b3 56. Ke3 b2 57. Kf3 b1=Q 58. Ke3 Qe4+ 59. Kf2 Rd2+ 60. Kg3 Rg2+ 61. Kh3 Qg4# 0-1

[Event "Late-Titled-Tuesday-Blitz-February-27-2024"]
[Site "Chess.com"]
[Date "2024.02.27"]
[Round "11"]
[White "reevecanada"]
[Black "PositionalPanther"]
[Result "1-0"]
[WhiteElo "2607"]
[BlackElo "2502"]
[TimeControl "180+1"]
[EndTime "16:04:39 PST"]
[Termination "reevecanada won by resignation"]

1. e4 e6 2. Nf3 d5 3. Nc3 Nf6 4. e5 Nfd7 5. d4 c5 6. Bg5 Qb6 7. dxc5 Bxc5 8. Qd2 Nc6 9. O-O-O Qa5 10. Kb1 Bb4 11.
Re1 Bxc3 12. Qxc3 Qxc3 13. bxc3 Na5 14. Nd4 a6 15. f4 b5 16. f5 Nc5 17. Bd3 Na4 18.
Bd2 Nc4 19. Bxc4 bxc4 20. g4 Bd7 21. Ka1 Kd8 22. Rb1 Kc7 23. Rhf1 Raf8 24. Rf3 h5 25. h3 hxg4 26. hxg4 Nc5 27. Bg5 f6 28. Bf4 Bb5 29.
exf6+ Kd7 30. fxg7 Ne4 31. fxe6+ Kc8 32. Be5 1-0

[Event "Late-Titled-Tuesday-Blitz-February-27-2024"]
[Site "Chess.com"]
[Date "2024.02.27"]
[Round "11"]
[White "Fonsofan"]
[Black "SilverSwords13"]
[Result "1-0"]
[WhiteElo "2740"]
[BlackElo "2488"]
[TimeControl "180+1"]
[EndTime "16:04:40 PST"]
[Termination "Fonsofan won by resignation"]

1. h3 d5 2. g3 Nc6 3. Bg2 e5 4.
d3 Nf6 5. e3 Bd6 6. Ne2 O-O 7.
a3 a5 8. b3 Be6 9. Bb2 Re8 10.
Nd2 Ne7 11. c4 c6 12. Nc3 Rb8 13. cxd5 cxd5 14. Nb5 Nc6 15. Nf3 e4 16. Nfd4 Nxd4 17.
Bxd4 Be7 18. Rc1 Rc8 19. g4 Bd7 20. Rxc8 Qxc8 21. Nc3 exd3 22. Qxd3 Ne4 23. Nxe4 dxe4 24. Bxe4 Qc1+ 25. Ke2 Qxa3 26. Bxh7+ Kh8 27. Bf5 Qa2+ 28. Kf3 Bc6+ 29. e4 Bf8 30. Ra1 Bb5 31. Qxb5 Qd2 32.
Qxe8 Qd3+ 33. Kg2 Kg8 34. Bc5 g6 35. Qxf8+ 1-0

[Event "Late-Titled-Tuesday-Blitz-February-27-2024"]
[Site "Chess.com"]
[Date "2024.02.27"]
[Round "11"]
[White "EvilMorty23"]
[Black "IMRosen"]
[Result "1-0"]
[WhiteElo "2602"]
[BlackElo "2680"]
[TimeControl "180+1"]
[EndTime "16:04:44 PST"]
[Termination "EvilMorty23 won by checkmate"]

1. e4 c5 2. Nf3 Nc6 3. c3 d5 4. exd5 Qxd5 5. d4 Nf6 6. Be2 e6 7. Na3 Be7 8. Nb5 Qd8 9. dxc5 Bxc5 10. Qxd8+ Kxd8 11. Bf4 Ne4 12. O-O-O+ Ke7 13. Nc7 Rb8 14. Rhe1 Bxf2 15. Bd3 Bxe1 16. Bxe4 Bf2 17. Bd6+ Kf6 18. Rf1 Be3+ 19. Kb1 g6 20. Ne5+ Kg7 21. Rxf7+ Kg8 22.
Ne8 Nxe5 23. Rg7# 1-0